AoeStats
← dashuaibi

Arena

507488210Analyzed
4v4 RM · 14d ago on Sep 18, 2026· 42m 13s· 8 players
Game mode
Random Map
Map size
Large (8 player)
Population
200
Speed
Normal
Resources
Standard
Victory
Conquest
Starting age
Dark Age
Ending age
Imperial Age
RankedLock teamsTeams togetherTeam positionsShared explorationLock speedFull tech treeHidden civsTurbo modeCheats
Victory
Defeat
🇦🇺 Poles · Australia
1392
+16
🇹🇼 Mongols · Taiwan
1387
+16
🇨🇳 Celts · China
1381
+16
🇹🇼 Teutons · Taiwan
1283
+20
🇷🇸 Teutons · Serbia
1413
-18
🇨🇳 Byzantines · China
1378
-17
🇩🇪 Poles · Germany
1374
-17
🇫🇷 Burgundians · France
1360
-16
dashuaibi
8:08 Loom
10:47 Feudal Age
15:18 Castle Age
13:38 Horse Collar
13:47 Double-Bit Axe
21:43 Wheelbarrow
23:10 Bow Saw
23:20 Heavy Plow
23:17 Stone Mining
25:51 Stone Shaft Mining
26:24 Gold Mining
29:54 Imperial Age
28:04 Hand Cart
28:49 Forging
29:22 Scale Barding Armor
29:20 Husbandry
30:38 Iron Casting
31:01 Chain Barding Armor
32:15 Ballistics
32:55 Chemistry
31:37 Treadmill Crane
31:52 Elite Cataphract
32:27 Fletching
32:37 Padded Archer Armor
33:13 Plate Barding Armor
32:55 Squires
32:40 Arson
33:02 Gambesons
32:38 Pikeman
33:23 Scale Mail Armor
33:47 Bodkin Arrow
34:32 Conscription
35:20 Murder Holes
35:35 Fortified Wall
36:12 Crop Rotation
36:16 Chain Mail Armor
35:56 Halberdier
36:42 Bodkin Arrow
37:02 Leather Archer Armor
37:21 Thumb Ring
39:07 Two-Man Saw
38:37 Elite Skirmisher
Si TôT
11:38 Feudal Age
15:22 Castle Age
13:53 Double-Bit Axe
14:05 Horse Collar
14:52 Bow Saw
15:15 Heavy Plow
19:03 Wheelbarrow
24:27 Loom
27:43 Hand Cart
30:37 Imperial Age
28:31 Scale Barding Armor
28:37 Forging
28:32 Cavalier
29:13 Husbandry
29:20 Town Watch
30:38 Chain Barding Armor
31:55 Conscription
32:30 Padded Archer Armor
32:21 Fletching
33:07 Plate Barding Armor
33:10 Iron Casting
32:19 Elite Skirmisher
33:49 Leather Archer Armor
34:47 Bodkin Arrow
35:16 Ballistics
36:44 Paladin
38:43 Bracer
kampflaus
10:49 Feudal Age
12:13 Double-Bit Axe
14:53 Castle Age
13:08 Horse Collar
15:55 Bow Saw
18:05 Loom
19:36 Heavy Plow
20:20 Wheelbarrow
20:15 Stone Mining
20:32 Gold Mining
22:03 Hand Cart
25:26 Scale Barding Armor
25:33 Forging
26:21 Bloodlines
26:12 Husbandry
26:34 Chain Barding Armor
29:04 Imperial Age
27:15 Town Watch
28:15 Iron Casting
28:07 Szlachta Privileges
29:28 Stone Shaft Mining
29:07 Cavalier
30:55 Blast Furnace
30:18 Fletching
30:59 Conscription
32:48 Bodkin Arrow
33:11 Masonry
33:25 Ballistics
33:31 Light Cavalry
36:53 Chemistry
38:26 Winged Hussar
42:22 Bracer
The Wulf
10:13 Feudal Age
11:31 Loom
14:19 Castle Age
12:43 Double-Bit Axe
13:24 Horse Collar
13:50 Stone Mining
24:57 Heavy Plow
27:30 Wheelbarrow
26:50 Gold Mining
31:14 Imperial Age
29:16 Bow Saw
29:17 Padded Archer Armor
29:28 Town Watch
30:03 Hand Cart
30:31 Leather Archer Armor
32:18 Conscription
33:00 Chemistry
33:33 Fortified Wall
34:59 Two-Man Saw
34:37 Crop Rotation
34:55 Ring Archer Armor
36:48 Siege Engineers
37:47 Elite Teutonic Knight
38:48 Scale Mail Armor
38:58 Forging
40:08 Chain Mail Armor
41:15 Guilds
42:35 Crenellations
HPer
9:52 Feudal Age
14:41 Castle Age
13:05 Horse Collar
13:37 Double-Bit Axe
15:44 Bow Saw
15:50 Loom
17:10 Town Watch
22:40 Heavy Plow
22:56 Gold Mining
24:30 Wheelbarrow
24:45 Stone Mining
26:16 Hand Cart
28:21 Fletching
28:52 Ballistics
28:44 Bloodlines
28:35 Husbandry
29:22 Gold Shaft Mining
29:08 Thumb Ring
28:59 Bodkin Arrow
30:05 Stone Shaft Mining
30:06 Padded Archer Armor
31:02 Masonry
31:09 Leather Archer Armor
34:51 Imperial Age
32:37 Scale Barding Armor
31:55 Light Cavalry
33:16 Forging
35:04 Chain Barding Armor
35:20 Iron Casting
35:04 Elite Mangudai
36:03 Bracer
37:05 Chemistry
36:55 Parthian Tactics
37:24 Siege Engineers
37:23 Bracer
37:12 Hussar
39:42 Conscription
40:59 Siege Engineers
42:02 Iron Casting
42:14 Hoardings
Happy new year
10:13 Feudal Age
15:37 Castle Age
13:45 Double-Bit Axe
16:31 Wheelbarrow
15:41 Loom
16:34 Bow Saw
21:46 Town Watch
22:26 Gold Mining
23:11 Hand Cart
27:45 Imperial Age
25:26 Squires
25:30 Scale Mail Armor
25:43 Forging
26:51 Chain Mail Armor
26:25 Gambesons
26:04 Pikeman
26:31 Arson
26:30 Horse Collar
28:08 Heavy Plow
28:08 Gambesons
28:09 Halberdier
28:14 Capped Ram
29:48 Crop Rotation
32:54 Iron Casting
35:07 Blast Furnace
37:06 Plate Mail Armor
很蓝的啦
10:40 Feudal Age
9:47 Loom
14:25 Castle Age
12:41 Double-Bit Axe
12:46 Horse Collar
14:04 Town Watch
16:16 Stone Mining
17:07 Bow Saw
18:06 Loom
22:13 Gold Mining
24:05 Gold Shaft Mining
24:05 Stone Shaft Mining
24:29 Wheelbarrow
24:54 Stone Shaft Mining
24:44 Heavy Plow
24:54 Treadmill Crane
25:54 Town Patrol
27:20 Hand Cart
30:33 Imperial Age
28:42 Scale Mail Armor
28:53 Forging
29:33 Ballistics
29:23 Masonry
29:13 Stronghold
29:40 Chain Mail Armor
30:04 Caravan
30:34 Coinage
30:37 Pikeman
31:02 Arson
31:35 Elite Woad Raider
31:48 Elite Woad Raider
33:12 Conscription
33:05 Halberdier
34:43 Plate Mail Armor
35:18 Iron Casting
34:09 Capped Ram
43:48 Blast Furnace
Josephine Explosiphine
10:41 Feudal Age
14:18 Castle Age
12:56 Double-Bit Axe
13:19 Horse Collar
15:22 Bow Saw
16:43 Heavy Plow
16:52 Loom
19:29 Stone Mining
22:55 Wheelbarrow
22:45 Gold Mining
23:19 Forging
23:54 Stone Shaft Mining
24:18 Hand Cart
24:36 Scale Mail Armor
25:07 Fletching
25:38 Chain Mail Armor
25:50 Squires
25:35 Arson
27:05 Iron Casting
27:54 Szlachta Privileges
27:58 Scale Barding Armor
28:53 Bloodlines
28:43 Husbandry
29:25 Chain Barding Armor
29:01 Bodkin Arrow
34:56 Imperial Age
34:08 Treadmill Crane
34:39 Masonry
34:50 Ballistics
35:27 Fortified Wall
35:12 Murder Holes
35:44 Ballistics
35:03 Cavalier
36:51 Blast Furnace
36:19 Conscription
37:03 Plate Mail Armor
38:58 Chemistry
37:49 Guard Tower
38:41 Crop Rotation
39:40 Bracer
39:32 Arrowslits
42:13 Caravan
Connection lost

Rejoining the realm…

Still unreachable

The connection could not be restored.

Session expired

The server has moved on; the page needs a fresh start.